 Dungeon Crawl Stone Soup version 0.24.0-1-gfbc8707122 (webtiles) character file.

Game seed: 7758664027515237904, levelgen mode: deterministic

141 MisterOstroum the Firebug (level 5, -6/35 HPs)
             Began as a Halfling Fire Elementalist on Oct 26, 2019.
             Was an Initiate of Gozag.
             Killed from afar by an orc wizard (7 damage)
             ... with a magic dart
             ... on level 4 of the Dungeon on Oct 27, 2019.
             The game lasted 00:12:02 (4062 turns).

MisterOstroum the Firebug (HaFE)                    Turns: 4062, Time: 00:12:02

Health: -6/35      AC:  3    Str:  9    XL:     5   Next: 48%
Magic:  0/7        EV: 15    Int: 14    God:    Gozag
Gold:   112        SH:  0    Dex: 15    Spells: 3/7 levels left

rFire    . . .     SeeInvis .   c - +0 hunting sling
rCold    . . .     Gourm    .   (shield restricted)
rNeg     . . .     Faith    .   j - +0 robe
rPois    .         Spirit   +   (no helmet)
rElec    .         Reflect  .   u - scarf {Spirit}
rCorr    .         Harm     .   o - +0 pair of gloves
MR       .....                  (no boots)
Stlth    ++........             (no amulet)
HPRegen  0.11/turn              (no ring)
MPRegen  0.10/turn              (no ring)

@: no status effects
A: small, mutation resistance 1
a: Potion Petition, Call Merchant, Bribe Branch, Renounce Religion


You were on level 4 of the Dungeon.
You worshipped Gozag.
Gozag was aware of your devotion.
You were not hungry.

You visited 1 branch of the dungeon, and saw 4 of its levels.

You collected 161 gold pieces.
You paid 49 gold pieces to Gozag.

Inventory:

Hand Weapons
 a - a +0 dagger
 c - a +0 hunting sling (weapon)
 g - a +3 hand axe of freezing
Missiles
 n - 2 boomerangs
 r - 51 stones (quivered)
Armour
 j - a +0 robe (worn)
 o - a +0 pair of gloves (worn)
 u - a scarf of spirit shield (worn)
Magical Staves
 x - an uncursed staff of air {unknown}
Jewellery
 p - an uncursed ring of ice
Scrolls
 b - 2 scrolls of amnesia {unknown}
 d - a scroll of fog {unknown}
 h - 3 scrolls of identify
 k - a scroll of noise {unknown}
 l - a scroll of blinking {unknown}
 m - a scroll of magic mapping {unknown}
 q - a scroll of random uselessness {unknown}
 s - 2 scrolls of teleportation {unknown}
 y - a scroll of enchant armour {unknown}
 B - a scroll of remove curse {unknown}
Potions
 f - a potion of lignification {@q6}
 i - 3 potions of heal wounds
 t - a potion of brilliance
 z - 2 potions of degeneration {unknown}
 A - a potion of might {@q3 !q}
Comestibles
 e - 8 rations


   Skills:
 * Level 2.5 Fighting
 - Level 0.1 Short Blades
 * Level 2.2(2.4) Slings
 - Level 0.7(1.2) Throwing
 - Level 2.1 Dodging
 - Level 3.1 Stealth
 - Level 1.5 Spellcasting
 + Level 1.0 Conjurations
 + Level 3.7 Fire Magic


You had 3 spell levels left.
You knew the following spells:

 Your Spells              Type           Power        Failure   Level  Hunger
a - Flame Tongue          Conj/Fire      #....        10%         1    ##.....
b - Conjure Flame         Conj/Fire      #.......     28%         3    ####...

Your spell library contained the following spells:

 Spells                   Type           Power        Failure   Level  Hunger
 Throw Flame              Conj/Fire      #.....       14%         2    ###....
 Animate Skeleton         Necr           N/A          26%         1    ##.....
 Apportation              Tloc           #.....       26%         1    ##.....
 Confusing Touch          Hex            #.....       26%         1    ##.....
 Summon Small Mammal      Summ           #...         26%         1    ##.....
 Inner Flame              Hex/Fire       #.......     34%         3    ####...
 Sticky Flame             Conj/Fire      #.......     67%         4    #####..
 Fireball                 Conj/Fire      #.........   95%         5    ######.


Dungeon Overview and Level Annotations

Branches:
Dungeon (4/15)
 Temple: D:4-7

Altars:
Dithmenos
Gozag
Makhleb
Xom

Annotations:
D:3 Purgy


Innate Abilities, Weirdness & Mutations

You are small and have problems with some larger weapons.
You are somewhat resistant to further mutation.


Message History

Press: ? - help, Shift-Dir - straight line, f/p - Ijyb
Aim: Ijyb, wearing a +0 leather armour and carrying a wand of digging (5) (heavily wounded)
You shoot a sling bullet.
The sling bullet hits Ijyb but does no damage.
Ijyb is heavily wounded.
Ijyb misses you.
You hear some strange, mumbled words.
Firing (i - inventory. (/) - cycle)
w - 9 sling bullets (quivered)
Press: ? - help, Shift-Dir - straight line, f/p - Ijyb
Aim: Ijyb, wearing a +0 leather armour and carrying a wand of digging (5) (heavily wounded)
You shoot a sling bullet. The sling bullet hits Ijyb!
Ijyb is severely wounded.
Ijyb completely misses you. Ijyb closely misses you.
Firing (i - inventory. (/) - cycle)
w - 8 sling bullets (quivered)
Press: ? - help, Shift-Dir - straight line, f/p - Ijyb
Aim: Ijyb, wearing a +0 leather armour and carrying a wand of digging (5) (severely wounded)
You shoot a sling bullet. The sling bullet barely misses Ijyb.
Ijyb hits you.
Firing (i - inventory. (/) - cycle)
w - 7 sling bullets (quivered)
Press: ? - help, Shift-Dir - straight line, f/p - Ijyb
Aim: Ijyb, wearing a +0 leather armour and carrying a wand of digging (5) (severely wounded)
You shoot a sling bullet. The sling bullet barely misses Ijyb.
Ijyb hits you.
Firing (i - inventory. (/) - cycle)
w - 6 sling bullets (quivered)
Press: ? - help, Shift-Dir - straight line, f/p - Ijyb
Aim: Ijyb, wearing a +0 leather armour and carrying a wand of digging (5) (severely wounded)
You shoot a sling bullet. The sling bullet hits Ijyb.
Ijyb is almost dead.
Ijyb hits you.
Firing (i - inventory. (/) - cycle)
w - 5 sling bullets (quivered)
Press: ? - help, Shift-Dir - straight line, f/p - Ijyb
Aim: Ijyb, wearing a +0 leather armour and carrying a wand of digging (5) (almost dead)
You shoot a sling bullet.
The sling bullet hits Ijyb but does no damage.
Ijyb is almost dead.
Ijyb misses you.
Firing (i - inventory. (/) - cycle)
w - 4 sling bullets (quivered)
Press: ? - help, Shift-Dir - straight line, f/p - Ijyb
Aim: Ijyb, wearing a +0 leather armour and carrying a wand of digging (5) (almost dead)
You shoot a sling bullet. The sling bullet barely misses Ijyb.
Ijyb hits you.
Firing (i - inventory. (/) - cycle)
w - 3 sling bullets (quivered)
Press: ? - help, Shift-Dir - straight line, f/p - Ijyb
Aim: Ijyb, wearing a +0 leather armour and carrying a wand of digging (5) (almost dead)
You shoot a sling bullet. The sling bullet hits Ijyb.
You kill Ijyb!
Your Slings skill increases to level 2!
Your Conjurations skill increases to level 1!
The orc becomes distracted by the nearby gold, dreaming of imaginary riches.
Casting: Flame Tongue (safe; 10% risk of failure)
Confirm with . or Enter, or press ? or * to list all spells.
Aiming: Conjure Flame (safe; 28% risk of failure)
Press: ? - help, Dir - move target cursor
Okay, then.
Unknown command.
The orc throws a boomerang.
The boomerang barely misses you.
The weapon returns to the orc!
The orc throws a boomerang.
The boomerang closely misses you.
The weapon returns to the orc!
The orc is no longer distracted by gold.
The orc throws a boomerang.
The boomerang closely misses you.
The weapon returns to the orc!
A puff of frost appears from out of thin air!
The puff of frost hits you.
The orc throws a boomerang.
The weapon returns to the orc!
Casting: Conjure Flame (safe; 28% risk of failure)
Confirm with . or Enter, or press ? or * to list all spells.
Aiming: Conjure Flame (safe; 28% risk of failure)
Press: ? - help, Dir - move target cursor The fire ignites!
Unknown command.
Firing (i - inventory. (/) - cycle)
w - 2 sling bullets (quivered)
Press: ? - help, Shift-Dir - straight line, f - orc
Aim: an orc, wielding a +0 hand axe You shoot a sling bullet.
The sling bullet hits the orc but does no damage.
A magic dart appears from out of thin air!
The magic dart hits you!
A magic dart appears from out of thin air!
The magic dart hits you!
Firing (i - inventory. (/) - cycle)
w - a sling bullet (quivered)
Press: ? - help, Shift-Dir - straight line, f/p - orc
Aim: an orc, wielding a +0 hand axe You shoot a sling bullet.
A magic dart appears from out of thin air!
The magic dart hits you!
* * * LOW HITPOINT WARNING * * *
The orc throws a boomerang.
The boomerang misses you.
The weapon returns to the orc!
A puff of flame appears from out of thin air!
The puff of flame misses you.
The orc throws a boomerang.
The boomerang barely misses you.
The weapon returns to the orc!
You hear the slow hiss of a very distant avalanche of sand.
A magic dart appears from out of thin air!
The magic dart hits you.
* * * LOW HITPOINT WARNING * * *
You hear some strange, mumbled words.
A puff of flame appears from out of thin air!
The puff of flame misses you.
A magic dart appears from out of thin air!
The magic dart hits you!
You die...
Your body crumbles into a pile of gold.

#. #.##.# ..
#.##.##.# .. .r...#
#.......# ..#.....#
$ ###. ##.....###
....>...
..............#
?......
........##...{###
.....)% ..o.....
#......# .......
.......
######.######.......
S.....
#.@.<.......... ...a
########....... ....
...$... .... .(.....
.... O...... ####
#######


There were no monsters in sight!

Vanquished Creatures
  Ijyb (D:4)
  4 adders
  An ooze (D:2)
  2 dart slugs
  3 worms
  2 leopard geckos
  4 giant cockroaches
  6 goblins
  6 hobgoblins
  3 jackals (D:1)
  A quokka (D:3)
  3 ball pythons
  7 bats
  6 frilled lizards
  A jackal skeleton (D:3)
  6 kobolds
  8 rats
64 creatures vanquished.

Notes
Turn   | Place    | Note
-------+----------+-------------------------------------------
     0 | D:1      | MisterOstroum the Halfling Fire Elementalist began the
                  | quest for the Orb.
     0 | D:1      | Reached XP level 1. HP: 11/11 MP: 3/3
   234 | D:1      | Reached skill level 1 in Fighting
   272 | D:1      | Reached XP level 2. HP: 18/18 MP: 2/4
   720 | D:1      | Reached XP level 3. HP: 16/24 MP: 0/5
  1147 | D:2      | HP: 1/24 [poisoned by an adder]
  1457 | D:2      | Found a shimmering altar of Xom.
  1555 | D:2      | Reached XP level 4. HP: 21/29 MP: 0/6
  2886 | D:3      | Reached skill level 1 in Slings
  3234 | D:3      | Reached XP level 5. HP: 34/34 MP: 3/7
  3242 | D:3      | Learned a level 3 spell: Conjure Flame
  3566 | D:3      | Found an opulent altar of Gozag.
  3580 | D:3      | Found a burning altar of Makhleb.
  3610 | D:3      | Became a worshipper of Gozag Ym Sagoz the Greedy
  3807 | D:3      | Noticed Purgy
  3989 | D:4      | Noticed an ogre
  4016 | D:4      | Found a shadowy altar of Dithmenos.
  4016 | D:4      | Noticed Ijyb
  4038 | D:4      | Killed Ijyb
  4038 | D:4      | Reached skill level 1 in Conjurations
  4057 | D:4      | HP: 1/35 [something/magic dart (5)]
  4062 | D:4      | Killed from afar by an orc wizard

Levels and vault maps discovered:
D:1:      beargit_arrival_greenhouse, layout_rooms
D:2:      layout_loops_ring, minmay_misc_feat_x, lemuel_altar_in_water
D:3:      layout_basic, overflow_temple_1_default, grunt_gozag_statues,
          uniq_purgy
D:4:      layout_rooms, gammafunk_temple_overflow_elements,
          gammafunk_ghost_arena, first_ration, nicolae_ossuary_entry_catacombs,
          nicolae_dithmenos_through_a_glass_darkly, uniq_ijyb

Skill      XL: |  1  2  3  4  5 |
---------------+----------------+-----
Fighting       | 1 2 |  2.5
Stealth        | 3 |  3.1
Slings         | 1 2 |  2.2
Conjurations   | 1 |  1.0
Short Blades   | |  0.1
Throwing       | |  0.7
Dodging        | |  2.1
Spellcasting   | |  1.5
Fire Magic     | |  3.7

Action                   |  1- 3 |  4- 6 || total
-------------------------+-------+-------++-------
Melee: Unarmed           |    15 |       ||    15
       Dagger            |    32 |    10 ||    42
 Fire: Hunting sling     |       |    85 ||    85
Throw: Boomerang         |    13 |    11 ||    24
 Cast: Flame Tongue      |    42 |    49 ||    91
       Conjure Flame     |       |     2 ||     2
  Use: Potion            |     2 |       ||     2
       Scroll            |       |     3 ||     3
 Stab: Invisible         |     1 |       ||     1
  Eat: Chunk             |     3 |     9 ||    12
       Ration            |       |     1 ||     1
Armor: Robe              |    16 |     9 ||    25
Dodge: Dodged            |    62 |    46 ||   108
